 Dungeon Crawl Stone Soup version 0.30-a0-591-g3c58d2bc28 (webtiles) character file.

Game seed: 13492837456929617884

963 bmack86 the Conjurer (level 8, -3/57 HPs)
             Began as a Human Conjurer on Jan 5, 2023.
             Slain by a two-headed ogre
             ... wielding a +0 giant club
              (25 damage)
             ... on level 5 of the Dungeon.
             The game lasted 00:30:41 (5440 turns).

bmack86 the Conjurer (Human Conjurer)               Turns: 5440, Time: 00:30:42

Health: -3/57      AC: 12    Str: 13    XL:     8   Next: 37%
Magic:  11/14      EV: 12    Int: 14    God:
Gold:   162        SH:  0    Dex: 12    Spells: 12/16 levels left

rFire   x . .      SeeInvis +    v - +7 broad axe of Conflict {holy, rElec rF- rCorr Int-4}
rCold   . . .      Faith    .    (no shield)
rNeg    . . .      Spirit   .    s - +0 leather armour
rPois   .          Reflect  .    y - +1 helmet of Afui {Str+4 Int+4 Stlth-}
rElec   +          Harm     .    g - +1 cloak
rCorr   +          Rampage  .    (no gloves)
Will    .....                    u - +0 pair of boots
Stlth   ++                       (no amulet)
HPRegen 0.29/turn                q - ring of resist corrosion
MPRegen 0.14/turn                A - ring "Miyn" {AC+4 Int-5 SInv Stlth+}

@: no status effects
A: no striking features
a: no special abilities


You were on level 5 of the Dungeon.
You visited 1 branch of the dungeon, and saw 5 of its levels.

You collected 192 gold pieces.
You spent 30 gold pieces at shops.

Inventory:

Hand Weapons
 a - a +0 vampiric whip
 f - a +0 sling
 h - the +4 dagger "Zonwunen" {freeze, rElec rF- Str+8}
   (You found it on level 2 of the Dungeon)

   Str:       It affects your strength (+8).
   rF:        It makes you vulnerable to fire.
   rElec:     It insulates you from electricity.
 j - a +2 dagger of venom
 k - a +1 trident
 m - a +0 war axe
 v - the +7 broad axe of Conflict (weapon) {holy, rElec rF- rCorr Int-4}
   (You acquired it on level 4 of the Dungeon)

   Int:       It affects your intelligence (-4).
   rF:        It makes you vulnerable to fire.
   rElec:     It insulates you from electricity.
   rCorr:     It protects you from acid and corrosion.
Armour
 g - a +1 cloak (worn)
 s - a +0 leather armour (worn)
 u - a +0 pair of boots (worn)
 y - the +1 helmet of Afui (worn) {Str+4 Int+4 Stlth-}
   (You acquired it on level 4 of the Dungeon)

   Str:       It affects your strength (+4).
   Int:       It affects your intelligence (+4).
   Stlth:     It makes you less stealthy.
Jewellery
 q - a ring of resist corrosion (left hand)
 r - a ring of see invisible
 w - an amulet of faith
 A - the ring "Miyn" (right hand) {AC+4 Int-5 SInv Stlth+}
   (You acquired it on level 4 of the Dungeon)

   [ring of protection]

   AC:        It affects your AC (+4).
   Int:       It affects your intelligence (-5).
   SInv:      It lets you see invisible.
   Stlth:     It makes you more stealthy.
Scrolls
 d - 4 scrolls of enchant weapon
 i - 3 scrolls of teleportation
 x - a scroll of poison {unknown}
 B - a scroll of butterflies {unknown}
 C - a scroll of identify
Potions
 b - a potion of magic
 c - 4 potions of attraction
 e - 3 potions of degeneration
 l - 6 potions of curing
 n - 4 potions of might
 o - 3 potions of mutation
 p - a potion of resistance
 t - 3 potions of heal wounds
 z - a potion of flight {unknown}


   Skills:
 + Level 2.9 Fighting
 * Level 3.3 Axes
 - Level 0.3 Ranged Weapons
 + Level 1.6 Armour
 + Level 3.7 Dodging
 + Level 3.9 Stealth
 * Level 4.5 Spellcasting
 + Level 5.0 Conjurations
 + Level 1.6 Air Magic


You had 12 spell levels left.
You knew the following spells:

 Your Spells              Type           Power      Damage    Failure   Level
a - Magic Dart            Conj           68%        1d6       3%          1
b - Searing Ray           Conj           34%        2d5       4%          2
c - Shock                 Conj/Air       48%        1d6       6%          1

Your spell library contained the following spells:

 Spells                   Type           Power      Damage    Failure   Level
 Dazzling Flash           Conj/Hex       20%        N/A       26%         3
 Swiftness                Air            7%         N/A       36%         3
 Gell's Gravitas          Tloc           3%         N/A       56%         3
 Teleport Other           Tloc           3%         N/A       56%         3
 Fulminant Prism          Conj/Hex       5%         3d6       63%         4
 Iskenderun's Mystic Bla  Conj/Tloc      10%        2d4       63%         4
 Airstrike                Air            3%         2d(1-17)  77%         4
 Cause Fear               Hex            1%         N/A       93%         4
 Alistair's Intoxication  Tmut/Pois      2%         N/A       100%        5
 Borgnjor's Vile Clutch   Necr/Erth      1%         N/A       100%        5
 Dispersal                Tloc           1%         N/A       100%        6
 Eringya's Noxious Bog    Tmut/Pois      1%         N/A       100%        6
 Dragon Form              Tmut           1%         N/A       100%        7
 Dragon's Call            Summ           1%         N/A       100%        9


Dungeon Overview and Level Annotations

Branches:
Dungeon (5/15)
 Temple: D:4-7

Altars:
Ru
Trog
Xom

Shops:
D:2 !   D:4 :


Message History

Casting: Magic Dart (safe; 3% risk of failure)
Confirm with . or Enter, or press ? or * to list all spells.
Aiming: Magic Dart (safe; 3% risk of failure)
Press: ? - help, Shift-Dir - straight line, f/p - gnoll
Aim: a gnoll, wielding a +0 halberd (moderately wounded, 100% to hit)
The magic dart hits the gnoll.
The gnoll is almost dead.
Casting: Magic Dart (safe; 3% risk of failure)
Confirm with . or Enter, or press ? or * to list all spells.
Aiming: Magic Dart (safe; 3% risk of failure)
Press: ? - help, Shift-Dir - straight line, f/p - gnoll
Aim: a gnoll, wielding a +0 halberd (almost dead, 100% to hit)
The magic dart hits the two-headed ogre but does no damage.
Casting: Magic Dart (safe; 3% risk of failure)
Confirm with . or Enter, or press ? or * to list all spells.
Aiming: Magic Dart (safe; 3% risk of failure)
Press: ? - help, Shift-Dir - straight line, f/p - gnoll
Aim: a gnoll, wielding a +0 halberd (almost dead, 100% to hit)
The magic dart hits the two-headed ogre.
The two-headed ogre is lightly wounded.
You barely miss the two-headed ogre.
The two-headed ogre is lightly wounded.
The two-headed ogre hits you with a +0 giant club.
The two-headed ogre barely misses you.
The gnoll hits you from afar with a +0 halberd!
You slice the two-headed ogre!!
The two-headed ogre is heavily wounded.
The gnoll barely misses you. The two-headed ogre closely misses you.
The two-headed ogre barely misses you. The gnoll barely misses you.
You hit the two-headed ogre.
The two-headed ogre is heavily wounded.
The two-headed ogre completely misses you.
The two-headed ogre hits you with a +0 giant spiked club!
The gnoll barely misses you.
You slash the two-headed ogre! You punch the two-headed ogre.
The two-headed ogre is severely wounded.
The gnoll barely misses you.
The two-headed ogre hits you with a +0 giant club!
The two-headed ogre hits you with a +0 giant spiked club!!
You die...

....####..##'#################.#.
#.........##.# ###### #.#.
#..######.##.# #####....## #.#.
#.......#.##.# #)$#.####.# #.##
#.........##.###$O#.# #.# #.##
#..####.#.##.#..###.# #.# ##...
...# #.#..#.# g###.####.# #..).
#.## #......# #O.##.#..## ##.#..
#.########.#####@.##.#..# ##..#..
#........#.###..####.#)####..##..
########.#..##..####.#....'.###..
#.##.####....##.88.### #..
#.##...########.88.# #..
#.####....### #....# #..
#.....###...#########
#.....#####.........#
#.....'.............#


You could see a two-headed ogre and a gnoll.

Vanquished Creatures
  Prince Ribbit (D:5)
  A kobold brigand (D:4)
  4 scorpions (D:5)
  A jelly (D:5)
  5 hounds
  An orc wizard (D:5)
  2 iguanas
  4 gnolls (D:3)
  4 adders
  A white imp (D:5)
  An ufetubus (D:5)
  3 dart slugs
  12 orcs
  6 bats
  8 endoplasms
  2 giant cockroaches
  8 goblins
  6 hobgoblins
  3 jackals (D:2)
  26 kobolds
  4 quokkas
  10 ball pythons
  4 frilled lizards
  6 rats
123 creatures vanquished.

Vanquished Creatures (others)
  57 plants (D:4)
57 creatures vanquished.

Grand Total: 180 creatures vanquished

Notes
Turn   | Place    | Note
-------+----------+-------------------------------------------
     0 | D:1      | bmack86 the Human Conjurer began the quest for the Orb.
     0 | D:1      | Reached XP level 1. HP: 13/13 MP: 3/3
   254 | D:1      | Reached XP level 2. HP: 10/19 MP: 5/5
   721 | D:1      | Reached XP level 3. HP: 25/25 MP: 3/6
  1144 | D:1      | Learned a level 2 spell: Searing Ray
  1556 | D:2      | Identified the +4 dagger "Zonwunen" {freeze, rElec rF-
                  | Str+8}
  1629 | D:2      | Reached XP level 4. HP: 31/31 MP: 1/7
  1733 | D:2      | Reached skill level 1 in Fighting
  1862 | D:2      | Found a faded altar of an unknown god.
  1902 | D:2      | Found Riececkaavu's Distillery.
  1911 | D:2      | Bought a potion of curing for 30 gold pieces
  2210 | D:3      | Reached skill level 1 in Axes
  2218 | D:3      | Reached XP level 5. HP: 37/37 MP: 4/9
  2325 | D:3      | Found a shimmering altar of Xom.
  2530 | D:3      | Learned a level 1 spell: Shock
  3223 | D:4      | Found Lehasy's Book Shop.
  3270 | D:4      | Reached XP level 6. HP: 43/43 MP: 7/10
  3768 | D:4      | Found a bloodstained altar of Trog.
  3876 | D:4      | Found a sacrificial altar of Ru.
  4520 | D:4      | Identified 3 scrolls of acquirement
  4520 | D:4      | Acquired the +1 helmet of Afui {Str+4 Int+4 Stlth-}
  4527 | D:4      | Acquired the ring "Miyn" {AC+4 Int-5 SInv Stlth+}
  4531 | D:4      | Acquired the +7 broad axe of Conflict {holy, rElec rF-
                  | rCorr Int-4}
  4537 | D:5      | Entered Level 5 of the Dungeon
  4587 | D:5      | Reached XP level 7. HP: 47/50 MP: 12/12
  4856 | D:5      | Reached skill level 1 in Armour
  4984 | D:5      | Reached skill level 1 in Air Magic
  5014 | D:5      | Noticed Prince Ribbit
  5025 | D:5      | Killed Prince Ribbit
  5026 | D:5      | Reached XP level 8. HP: 47/57 MP: 6/14
  5195 | D:5      | Reached skill level 5 in Conjurations
  5415 | D:5      | Noticed a two-headed ogre
  5440 | D:5      | Slain by a two-headed ogre

Illustrated notes

Levels and vault maps discovered:
D:1:      giann_wishing_wells, layout_loops_corners
D:2:      layout_rooms, serial_shops, nicolae_diamond_shop,
          shapermc_ecumenical_altar_starsandcircs, grunt_decor_fettered,
          chequers_serial_rivers_micro_d, minmay_cupped
D:3:      layout_loops_ring, mainiacjoe_overflow_24_doors, hex_large
D:4:      kennysheep_kobold_camp, layout_basic, general_overflow_altar,
          trog_butcher_becter, nicolae_take_the_stairs
D:5:      minmay_chambers_of_fours, layout_basic, minmay_tree_intersection,
          uniq_prince_ribbit1

Skill      XL: |  1  2  3  4  5  6  7  8 |
---------------+-------------------------+-----
Fighting       | 1 2 |  2.9
Axes           | 1 2 3 |  3.3
Spellcasting   | 3 4 |  4.5
Stealth        | 3 |  3.9
Dodging        | 3 |  3.7
Armour         | 1 |  1.6
Air Magic      | 1 |  1.6
Conjurations   | 5 |  5.0
Ranged Weapons | |  0.3

Action                   |  1- 3 |  4- 6 |  7- 9 || total
-------------------------+-------+-------+-------++-------
Melee: Unarmed           |     6 |       |       ||     6
       Dagger            |     2 |    80 |       ||    82
       War axe           |     9 |       |       ||     9
       Broad axe         |       |     9 |    48 ||    57
       Punch             |       |       |     1 ||     1
 Fire: Sling             |    22 |     3 |       ||    25
 Cast: Magic Dart        |    48 |   108 |    27 ||   183
       Searing Ray       |       |     1 |     1 ||     2
       Shock             |       |     4 |     2 ||     6
  Use: Scroll            |     6 |    10 |       ||    16
       Potion            |       |     1 |       ||     1
Armor: Robe              |     9 |       |       ||     9
       Leather armour    |     5 |    33 |    35 ||    73
Dodge: Dodged            |    26 |    69 |    34 ||   129

Table legend: (Time is in decaauts)
 A = Elapsed time spent in this place.
 B = Non-inter-level travel time spent in this place.
 C = Inter-level travel time spent in this place.
 D = Time resting spent in this place.
 E = Time spent auto-exploring this place.
 F = Levels seen in this place.
 G = Mean time per level.
                   A        B        C        D        E       F      G
               +--------+--------+--------+--------+--------+-----+--------+
         Total |   5474 |   5371 |    103 |    302 |   3677 |   5 | 1094.8 |
       Dungeon |   5474 |   5371 |    103 |    302 |   3677 |   5 | 1094.8 |
               +--------+--------+--------+--------+--------+-----+--------+

Top non-repeatable levels by time:
     D:4: 1551 daAuts
     D:1: 1384 daAuts
     D:5: 929 daAuts
     D:3: 826 daAuts
     D:2: 782 daAuts
